 Dungeon Sprint DCSS version 0.27.1-33-g824d729ab1 (webtiles) character file.

Game seed: 5877907554786709745

7235 manyhoops the Scorcher (level 10, -20/77 HPs)
             Began as a Demigod Fire Elementalist on Nov 27, 2021.
             Demolished by a lorocyproca (32 damage)
             ... in the Dungeon (Sprint I: "Red Sonja").
             The game lasted 00:13:09 (3517 turns).

manyhoops the Scorcher (Demigod Fire Elementalist)  Turns: 3517, Time: 00:13:10

Health: -20/77     AC: 10    Str:  4    XL:     10   Next: 58%
Magic:  15/27      EV: 14    Int: 37    God:
Gold:   34         SH:  0    Dex: 14    Spells: 11/27 levels left

rFire    . . .     SeeInvis +   p - +9 falchion "Kedacifi" {vorpal, rC+ rCorr}
rCold    + . .     Faith    .   (no shield)
rNeg     . . .     Spirit   .   a - +0 robe
rPois    .         Reflect  .   t - +2 helmet {SInv}
rElec    .         Harm     .   v - +1 cloak {Stlth+}
rCorr    +         Rampage  .   u - +2 pair of gloves of the Gusle {Str-5 Int+8}
Will     +....     NoTele   +   (no boots)
Stlth    +++.......             (no amulet)
HPRegen  0.22/turn              h - ring of wizardry
MPRegen  0.20/turn              (no ring)

@: no status effects
A: high mp 1, forlorn
a: no special abilities


You were in the Dungeon.
You visited 1 branch You collected 1622 gold pieces.
You spent 1588 gold pieces at shops.

Inventory:

Hand Weapons
 m - a +2 short sword of venom
 p - the +9 falchion "Kedacifi" (weapon) {vorpal, rC+ rCorr}
   (You bought it in a shop in the Dungeon)

   It inflicts extra damage upon your enemies.
   rC:        It protects you from cold.
   rCorr:     It protects you from acid and corrosion.
Armour
 a - a +0 robe (worn)
 t - a +2 helmet of see invisible (worn)
 u - the +2 pair of gloves of the Gusle (worn) {Str-5 Int+8}
   (You bought it in a shop in the Dungeon)

   Str:       It affects your strength (-5).
   Int:       It affects your intelligence (+8).
 v - a +1 cloak of stealth (worn)
Jewellery
 h - a ring of wizardry (left hand)
Wands
 f - a wand of paralysis (6)
 l - a wand of flame (27)
Scrolls
 k - a scroll of magic mapping {unknown}
 o - a scroll of immolation {unknown}
 q - 2 scrolls of torment
 s - a scroll of identify {unknown}
Potions
 e - 2 potions of magic
 i - a potion of might {unknown}
 n - a potion of curing
 r - a potion of brilliance {unknown}


   Skills:
 - Level 3.1 Fighting
 - Level 6.2 Dodging
 - Level 1.7 Stealth
 + Level 9.4 Spellcasting
 - Level 12.0 Conjurations
 - Level 16.7 Fire Magic


You had 11 spell levels left.
You knew the following spells:

 Your Spells              Type           Power      Damage    Failure   Level
a - Foxfire               Conj/Fire      100%       2x1d9     0%          1
b - Sticky Flame          Conj/Fire      89%        2d10      1%          4
c - Conjure Flame         Conj/Fire      89%        6-21      0%          3
d - Inner Flame           Hex/Fire       68%        N/A       1%          3
e - Fireball              Conj/Fire      44%        3d18      1%          5

Your spell library contained the following spells:

 Spells                   Type           Power      Damage    Failure   Level


Dungeon Overview and Level Annotations

Branches:
Dungeon (1/1)

Shops:
D ***((!(:[=*[(!*[(


Innate Abilities, Weirdness & Mutations

Your attributes grow dramatically as you level up.
You have an increased reservoir of magic. (+10% MP)
You shall have no god before yourself.


Message History

Press: ? - help, Shift-Dir - straight line, f/p - lorocyproca
Aim: a lorocyproca (noxious fumes, moderately wounded, slightly transparent)
Okay, then.
Casting: Fireball (safe; 1% risk of failure)
Confirm with . or Enter, or press ? or * to list all spells.
Aiming: Sticky Flame (safe; 1% risk of failure)
Press: ? - help, Shift-Dir - straight line, f/p - lorocyproca
Aim: a lorocyproca (noxious fumes, moderately wounded, slightly transparent, 100% to hit)
The sticky flame hits the lorocyproca!
The lorocyproca resists.
The lorocyproca is moderately wounded.
The lorocyproca is covered in liquid flames!
The lorocyproca burns!
The lorocyproca hits you.
You feel your power leaking away.
The lorocyproca burns!
There is an open door here.
The lorocyproca burns!
The lorocyproca burns!
The lorocyproca hits you!!
You feel your power leaking away.
Casting: Sticky Flame (safe; 1% risk of failure)
Confirm with . or Enter, or press ? or * to list all spells.
You don't have enough magic to cast this spell.
Magic courses through your body.
The lorocyproca burns!
The lorocyproca hits you!!
* * * LOW HITPOINT WARNING * * *
You feel your power leaking away.
Casting: Sticky Flame (safe; 1% risk of failure)
Confirm with . or Enter, or press ? or * to list all spells.
Aiming: Fireball (safe; 1% risk of failure)
Press: ? - help, Shift-Dir - straight line, p - lorocyproca
Okay, then.
Casting: Fireball (safe; 1% risk of failure)
Confirm with . or Enter, or press ? or * to list all spells.
Aiming: Sticky Flame (safe; 1% risk of failure)
Press: ? - help, Shift-Dir - straight line, f/p - lorocyproca
Aim: a lorocyproca (moderately wounded, slightly transparent, covered in liquid flames, 100% to hit)
The sticky flame hits the lorocyproca but does no damage.
The lorocyproca is moderately wounded.
The lorocyproca is covered in liquid flames!
The lorocyproca burns!
The lorocyproca hits you!!
You die...

###################### ##
..#.)'..#__#..')..#[(#§$
..'..#..'^.'..#)..##'#§#
#'#####'#__####.@2'..#§# ##
..#...#.####§§#####..+§# #$###
###..##§#§§§§§#.§##'####^.$#y#
__##'#_§§≈§§§§'..#....^#..$###
...'(§.§#≈§)§.#..#^.☼^°'..$$$#
__##_.#'##§#####'###^○^#^....
__###'#.#[§.)###.'.#..○# #++#
#####.####'###.###.#..##
...'...'.....'.∩##§#..#


You could see a lorocyproca (invisible, burning).

Vanquished Creatures
  2 centaur warriors (D)
  Sonja (D)
  A deep troll (D)
  An oklob plant (D)
  A gargoyle (D)
  4 demonic crawlers (D)
  2 kobold demonologists (D)
  2 unseen horrors (D)
  A hornet (D)
  A slime creature (D)
  2 redbacks (D)
  Sigmund (D)
  A yak (D)
  2 floating eyes (D)
  7 necrophages (D)
  An ogre (D)
  8 jellies (D)
  Ijyb (D)
  A ballistomycete spore (D)
40 creatures vanquished.

Vanquished Creatures (others)
  A gargoyle (D)
  A ballistomycete spore (D)
  56 foxfires (D)
58 creatures vanquished.

Grand Total: 98 creatures vanquished

Notes
Turn   | Place    | Note
-------+----------+-------------------------------------------
     0 | D        | manyhoops the Demigod Fire Elementalist began the quest for
                  | the Orb.
     0 | D        | Reached XP level 1. HP: 14/14 MP: 5/5
     1 | D        | Noticed Ijyb
    20 | D        | Killed Ijyb
    21 | D        | Reached skill level 5 in Spellcasting
    21 | D        | Reached XP level 2. HP: 15/20 MP: 6/11
   144 | D        | Killed a gargoyle
   171 | D        | Noticed an ogre
   186 | D        | Killed an ogre
   187 | D        | Reached XP level 3. HP: 26/26 MP: 4/15
   187 | D        | Reached XP level 4. HP: 33/33 MP: 4/17
   290 | D        | Learned a level 4 spell: Sticky Flame
   294 | D        | Learned a level 3 spell: Conjure Flame
   298 | D        | Learned a level 3 spell: Inner Flame
   298 | D        | Noticed Sigmund
   306 | D        | Killed Sigmund
   307 | D        | Reached skill level 7 in Fire Magic
   307 | D        | Reached XP level 5. HP: 28/38 MP: 12/18
   410 | D        | Reached skill level 8 in Fire Magic
   473 | D        | Found Nicisopos's Assorted Antiques.
   473 | D        | Noticed a yak
   482 | D        | Killed a yak
   483 | D        | Reached skill level 9 in Fire Magic
   483 | D        | Reached XP level 6. HP: 22/45 MP: 8/20
   638 | D        | Bought a runed bone wand for 104 gold pieces
   638 | D        | Bought a runed peridot ring for 130 gold pieces
   638 | D        | Bought a golden potion for 23 gold pieces
   638 | D        | Bought a scroll labelled CAOBUBA SOLI for 26 gold pieces
   638 | D        | Bought a scroll labelled AKEDAK ATUCVAPT for 26 gold pieces
   653 | D        | Learned a level 5 spell: Fireball
   659 | D        | Noticed a slime creature
   666 | D        | Killed a slime creature
   667 | D        | Reached skill level 5 in Conjurations
   667 | D        | Reached skill level 10 in Fire Magic
   822 | D        | Noticed Sonja
   824 | D        | Killed Sonja
   825 | D        | Reached skill level 12 in Fire Magic
   825 | D        | Reached XP level 7. HP: 32/50 MP: 12/22
  1029 | D        | Found Unuetizu's Assorted Antiques.
  1092 | D        | Bought a pair of gloves for 121 gold pieces
  1109 | D        | Noticed a deep troll
  1115 | D        | Killed a deep troll
  1116 | D        | Reached skill level 13 in Fire Magic
  1116 | D        | Reached XP level 8. HP: 15/57 MP: 3/23
  1354 | D        | Found Ucubigogg's Armour Emporium.
  1368 | D        | Noticed a centaur warrior
  1373 | D        | Noticed a centaur warrior
  1377 | D        | Killed a centaur warrior
  1377 | D        | Killed a centaur warrior
  1378 | D        | Reached skill level 10 in Conjurations
  1378 | D        | Reached skill level 15 in Fire Magic
  1378 | D        | Reached XP level 9. HP: 20/62 MP: 1/24
  1673 | D        | Noticed a kobold demonologist
  1674 | D        | Noticed a kobold demonologist
  1676 | D        | Killed a kobold demonologist
  1678 | D        | Noticed a soul eater
  1679 | D        | Killed a kobold demonologist
  1811 | D        | Noticed an oklob plant
  1815 | D        | Killed an oklob plant
  1816 | D        | Reached skill level 16 in Fire Magic
  2153 | D        | Reached XP level 10. HP: 69/69 MP: 20/26
  2433 | D        | Reached skill level 1 in Fighting
  2543 | D        | Found Surchun's Distillery.
  2543 | D        | Found Tuijig's Antique Weapon Shoppe.
  2544 | D        | Found Tadyegue's Antique Weapon Boutique.
  2544 | D        | Found Ydigazac's Assorted Antiques.
  2545 | D        | Found Qoibasel's Antique Weapon Emporium.
  2560 | D        | Found Penofir's Assorted Antiques.
  2562 | D        | Found Jueviel's Distillery.
  2562 | D        | Found Vupp's Antique Weapon Shop.
  2562 | D        | Found Nojawkauz's Book Shoppe.
  2562 | D        | Found Nausha Qant's Antique Armour Boutique.
  2562 | D        | Found Peluipn's Jewellery Emporium.
  2562 | D        | Found Lirad's General Store.
  2562 | D        | Found Xidet's Armour Shoppe.
  2568 | D        | Found Yqoagir's Antique Weapon Boutique.
  2569 | D        | Bought a potion of heal wounds for 55 gold pieces
  2569 | D        | Bought 2 potions of magic for 176 gold pieces
  2575 | D        | Bought a +2 helmet of see invisible for 279 gold pieces
  2584 | D        | Bought a potion of heal wounds for 55 gold pieces
  2584 | D        | Bought a potion of heal wounds for 55 gold pieces
  2589 | D        | Bought a pair of faintly humming gloves for 180 gold pieces
  2589 | D        | Identified the +2 pair of gloves of the Gusle {Str-5 Int+8}
                  | (You bought it in a shop in the Dungeon)
  2589 | D        | Bought a runed cloak for 142 gold pieces
  2613 | D        | Bought a warped falchion for 216 gold pieces
  2613 | D        | Identified the +9 falchion "Kedacifi" {vorpal, rC+ rCorr}
                  | (You bought it in a shop in the Dungeon)
  2825 | D        | Reached skill level 5 in Dodging
  3503 | D        | Noticed a lorocyproca
  3517 | D        | Demolished by a lorocyproca

Illustrated notes

Levels and vault maps discovered:
D:        dungeon_sprint_1 [red_sonja_temple_1, red_sonja_temple_small_1]

Skill      XL: |  1  2  3  4  5  6  7  8  9 10 |
---------------+-------------------------------+-----
Spellcasting   | 5 7 9 |  9.4
Conjurations   | 2 4 6 8 10 11 12 | 12.0
Fire Magic     | 7 9 12 13 15 16 | 16.7
Dodging        | 6 |  6.2
Fighting       | 3 |  3.1
Stealth        | |  1.7

Action                   |  1- 3 |  4- 6 |  7- 9 | 10-12 || total
-------------------------+-------+-------+-------+-------++-------
Melee: Unarmed           |    17 |       |       |       ||    17
       Short sword       |       |       |     1 |     2 ||     3
       Falchion          |       |       |       |     1 ||     1
 Cast: Foxfire           |     8 |    11 |     3 |    19 ||    41
       Sticky Flame      |       |     5 |     7 |    21 ||    33
       Conjure Flame     |       |     1 |       |       ||     1
       Fireball          |       |     2 |    16 |    17 ||    35
       Inner Flame       |       |       |     1 |     1 ||     2
  Use: Potion            |     1 |     1 |       |    10 ||    12
       Scroll            |       |       |       |     4 ||     4
Armor: Robe              |     1 |       |     3 |    39 ||    43
Dodge: Dodged            |     8 |     6 |     4 |    62 ||    80
       Rpst.: Falchion   |       |       |       |     6 ||     6
